 Dungeon Crawl Stone Soup version 0.25.0 (webtiles) character file.

Game seed: 10103603918768306026

508 snowfan the Magician (level 6, -9/41 HPs)
             Began as a Mummy Fire Elementalist on June 12, 2020.
             Was an Initiate of Vehumet.
             Mangled by Edmund
             ... wielding a +3 dire flail of holy wrath
              (13 damage)
             ... on level 5 of the Dungeon.
             The game lasted 00:20:27 (7686 turns).

snowfan the Magician (Mummy Fire Elementalist)      Turns: 7686, Time: 00:20:29

Health: -9/41      AC:  3    Str: 11    XL:     6   Next: 98%
Magic:  10/16      EV: 12    Int: 17    God:    Vehumet [......]
Gold:   318        SH:  0    Dex: 12    Spells: 12/19 levels left

rFire    x . .     SeeInvis .   b - +2 spear (flame)
rCold    + . .     Gourm    .   (no shield)
rNeg     + + +     Faith    .   a - +0 robe
rPois    ∞         Spirit   .   (no helmet)
rElec    .         Reflect  .   (no cloak)
rCorr    .         Harm     .   p - +0 pair of gloves
MR       .....                  (no boots)
Stlth    ++........             (no amulet)
HPRegen  0.13/turn              (no ring)
MPRegen  0.15/turn              (no ring)

@: no status effects
A: no food or potions, fire vulnerability, cold resistance 1, negative energy
resistance 3, torment resistance, unbreathing
a: Renounce Religion


You were on level 5 of the Dungeon.
You worshipped Vehumet.
Vehumet was noncommittal.
You were not hungry.

You visited 2 branches of the dungeon, and saw 6 of its levels.

You collected 318 gold pieces.

Inventory:

Hand Weapons
 b - a +2 spear of flaming (weapon)
 q - a +0 hunting sling
Missiles
 c - 257 stones (quivered)
 m - 27 sling bullets
Armour
 a - a +0 robe (worn)
 p - a +0 pair of gloves (worn)
Wands
 i - a wand of iceblast (9)
Scrolls
 d - 4 scrolls of remove curse {unknown}
 e - a scroll of fear {unknown}
 f - 2 scrolls of random uselessness {unknown}
 g - 4 scrolls of enchant armour {unknown}
 h - 6 scrolls of identify {unknown}
 j - a scroll of blinking {unknown}
 k - a scroll of fog {unknown}
 l - a scroll of teleportation {unknown}
 n - a scroll of enchant weapon {unknown}
 o - 2 scrolls of amnesia {unknown}


   Skills:
 - Level 1.5 Dodging
 - Level 1.5 Stealth
 + Level 7.2 Spellcasting
 + Level 2.6 Conjurations
 + Level 3.6 Fire Magic


You had 12 spell levels left.
You knew the following spells:

 Your Spells              Type           Power        Failure   Level  Hunger
a - Foxfire               Conj/Fire      ###.         3%          1    N/A
d - Conjure Flame         Conj/Fire      ###.....     9%          3    N/A
x - Inner Flame           Hex/Fire       ##......     16%         3    N/A

Your spell library contained the following spells:

 Spells                   Type           Power        Failure   Level  Hunger
 Sticky Flame             Conj/Fire      ###.....     30%         4    N/A
 Fireball                 Conj/Fire      ###.......   63%         5    N/A

Dungeon Overview and Level Annotations

Branches:
Dungeon (5/15)             Temple (1/1) D:5

Altars:
Ashenzari
Dithmenos
Elyvilon
Fedhas
Gozag
Hepliaklqana
Kikubaaqudgha
Makhleb
Okawaru
Qazlal
Sif Muna
Trog
Uskayaw
Vehumet
Wu Jian
Yredelemnul
Zin
The Shining One

Annotations:
D:3 3 runed translucent doors, Nebesus's ghost, amateur OgTm
D:5 Edmund


Innate Abilities, Weirdness & Mutations

You do not eat or drink.
Your flesh is vulnerable to fire.
You are immune to poison.
Your flesh is cold resistant. (rC+)
You are immune to negative energy. (rN+++)
You are immune to unholy pain and torment.
You can survive without breathing.


Message History

Confirm with . or Enter, or press ? or * to list all spells.
You conjure some foxfire!
Edmund hits you with a +3 dire flail of holy wrath!
You convulse.
Attack whom?
Press: ? - help, Dir - move target cursor, f/p - Edmund
Aim: Edmund, wielding a +3 dire flail of holy wrath and wearing a +0 chain mail (almost dead)
You barely miss Edmund.
Edmund is almost dead.
The foxfire hits Edmund.
Edmund is almost dead.
Edmund hits you with a +3 dire flail of holy wrath!
You convulse.
Casting: Foxfire (safe; 3% risk of failure)
Confirm with . or Enter, or press ? or * to list all spells.
You conjure some foxfire!
Edmund hits you with a +3 dire flail of holy wrath!
* * * LOW HITPOINT WARNING * * *
You convulse!
You die...

#......#.#.....##.
#.######.#.....##.
#.# #.#........
#.# #.#.....##.
#.# #.#.....##.
#.# #...###....
#.# ####.#.###.
#v# ##.## #.
#@##########.####.
#v@.<.............
##################


You could see Edmund.

Vanquished Creatures
  An ogre (D:4)
  A howler monkey (D:5)
  A bullfrog zombie (D:5)
  A centaur skeleton (D:4)
  An orc wizard (D:5)
  An iguana (D:4)
  2 worker ants (D:4)
  6 gnolls
  5 adders
  A shadow imp (D:5)
  An ooze (D:1)
  An adder skeleton (D:5)
  4 worms
  A dart slug (D:1)
  6 leopard geckos
  8 orcs
  4 ball pythons
  5 bats
  4 giant cockroaches
  7 goblins
  9 hobgoblins
  3 jackals (D:1)
  3 quokkas
  3 frilled lizards
  A giant cockroach zombie (D:5)
  9 kobolds
  7 rats
96 creatures vanquished.

Vanquished Creatures (collateral kills)
  A goblin (D:2)
1 creature vanquished.

Vanquished Creatures (others)
  291 foxfires
291 creatures vanquished.

Grand Total: 388 creatures vanquished

Notes
Turn   | Place    | Note
-------+----------+-------------------------------------------
     0 | D:1      | snowfan the Mummy Fire Elementalist began the quest for the
                  | Orb.
     0 | D:1      | Reached XP level 1. HP: 13/13 MP: 4/4
    95 | D:1      | Reached skill level 3 in Spellcasting
   329 | D:1      | Reached XP level 2. HP: 19/19 MP: 2/6
   458 | D:1      | Reached skill level 4 in Spellcasting
   720 | D:1      | Reached XP level 3. HP: 24/24 MP: 6/8
  1107 | D:2      | Reached skill level 5 in Spellcasting
  1456 | D:2      | Reached XP level 4. HP: 26/30 MP: 9/11
  2402 | D:2      | Reached skill level 6 in Spellcasting
  2917 | D:3      | Found a runed translucent gate.
  2917 | D:3      | Found a runed translucent gate.
  2917 | D:3      | Found a runed translucent gate.
  2923 | D:3      | Found an opulent altar of Gozag.
  2925 | D:3      | Noticed an orc warrior
  2926 | D:3      | Noticed a two-headed ogre
  2926 | D:3      | Noticed Nebesus's ghost (amateur OgTm)
  3237 | D:3      | Reached skill level 1 in Conjurations
  3678 | D:3      | Reached XP level 5. HP: 35/35 MP: 8/13
  4056 | D:4      | Learned a level 3 spell: Conjure Flame
  4060 | D:4      | Learned a level 3 spell: Inner Flame
  4228 | D:4      | Noticed an ogre
  4566 | D:4      | Reached XP level 6. HP: 32/41 MP: 11/15
  5105 | D:5      | Entered Level 5 of the Dungeon
  5110 | D:5      | Reached skill level 7 in Spellcasting
  5480 | D:5      | Found a staircase to the Ecumenical Temple.
  5489 | Temple   | Entered the Ecumenical Temple
  5550 | Temple   | Became a worshipper of Vehumet
  6648 | D:5      | Found a shadowy altar of Dithmenos.
  6654 | D:5      | Noticed Edmund
  6675 | D:5      | HP: 2/41 [Edmund/+3 dire flail of holy wrath (4)]
  7686 | D:5      | Mangled by Edmund

Illustrated notes

Levels and vault maps discovered:
D:1:      matt_arrival_refuge, layout_loops_ring, minmay_pentomino_x4
D:2:      layout_basic, minmay_misc_feat_doors, interstate_on_off,
          nrook_loot_triangle, guppyfry_early_orc_mine
D:3:      layout_loops_corners, ebering_ghost_gozag
D:4:      layout_rooms, first_ration, minmay_liquid_box,
          eino_small_chamber_without_monster
D:5:      layout_loops_ring, lemuel_round_altar, minmay_temple_entry_junction,
          uniq_edmund
Temple:   nicolae_temple_x_marks_the_god

Skill      XL: |  1  2  3  4  5  6 |
---------------+-------------------+-----
Spellcasting   | 3 4 5 6 7 |  7.2
Conjurations   | 1 2 |  2.6
Fire Magic     | 3 |  3.6
Dodging        | |  1.5
Stealth        | |  1.5

Action                   |  1- 3 |  4- 6 || total
-------------------------+-------+-------++-------
Melee: Spear             |    41 |   188 ||   229
       Unarmed           |     1 |       ||     1
Throw: Stone             |       |    52 ||    52
 Cast: Foxfire           |    35 |   153 ||   188
       Conjure Flame     |       |     9 ||     9
 Stab: Sleeping          |     4 |     4 ||     8
Armor: Robe              |     8 |    28 ||    36
Dodge: Dodged            |    27 |   104 ||   131
